 Dungeon Crawl Stone Soup version 0.30-a0-118-ga018f8e90f (webtiles) character file.

Game seed: 7868832673225856636

66 IdlyInterested the Cutter (level 3, 0/27 HPs)
             Began as a Demonspawn Gladiator on Sept 13, 2022.
             Killed by nerve-wracking pain
             ... invoked by Jessica
              (6 damage)
             ... on level 2 of the Dungeon.
             The game lasted 00:04:42 (2401 turns).

IdlyInterested the Cutter (Demonspawn Gladiator)    Turns: 2401, Time: 00:04:43

Health: 0/27       AC:  3    Str: 14    XL:     3   Next: 96%
Magic:  3/3        EV: 13    Int:  9    God:
Gold:   118        SH:  0    Dex: 18    Spells: 2/2 levels left

rFire   . . .      SeeInvis .    a - +0 rapier
rCold   . . .      Faith    .    (no shield)
rNeg    . . .      Spirit   .    b - +0 leather armour
rPois   .          Reflect  .    (helmet restricted)
rElec   .          Harm     .    (no cloak)
rCorr   .          Rampage  .    (no gloves)
Will    .....                    (no boots)
Stlth   +++.......               (no amulet)
HPRegen 0.09/turn                (no ring)
MPRegen 0.08/turn                (no ring)

@: no status effects
A: horns 1, thin skeletal structure 1
a: no special abilities


You were on level 2 of the Dungeon.
You visited 1 branch of the dungeon, and saw 2 of its levels.

You collected 118 gold pieces.

Inventory:

Hand Weapons
 a - a +0 rapier (weapon)
 g - a +0 dagger
 h - a +0 rapier
Missiles
 d - 3 throwing nets (quivered)
 e - a javelin
 l - 2 poisoned darts
Armour
 b - a +0 leather armour (worn)
 j - a +0 plate armour
Scrolls
 i - a scroll of identify {unknown}
 m - a scroll of summoning {unknown}
Potions
 c - a potion of flight {unknown}
 f - a potion of curing {unknown}
 k - a potion of cancellation {unknown}


   Skills:
 - Level 2.0 Fighting
 * Level 3.6 Short Blades
 - Level 1.7 Throwing
 + Level 3.2 Dodging
 + Level 1.5 Stealth


You had 2 spell levels left.
You didn't know any spells.
Your spell library contained the following spells:

 Spells                   Type           Power      Damage    Failure   Level
 Sandblast                Erth           0%         2d4       45%         1
 Passwall                 Tmut/Erth      0%         N/A       61%         2
 Inner Flame              Hex/Fire       0%         N/A       83%         3
 Stone Arrow              Conj/Erth      0%         3d7       83%         3
 Cause Fear               Hex            0%         N/A       99%         4
 Discord                  Hex            0%         N/A       100%        8


Dungeon Overview and Level Annotations

Branches:
Dungeon (2/15)

Altars:

Annotations:
D:2 1 runed translucent door, Crazy Yiuf, Jessica


Innate Abilities, Weirdness & Mutations

You have a pair of small horns on your head.
You have a somewhat thin skeletal structure. (Dex +2, Stealth+)


Message History

You hit the hobgoblin. Your headbutt misses the hobgoblin.
The hobgoblin is almost dead.
The hobgoblin closely misses you.
You hit the hobgoblin.
You kill the hobgoblin!
You start resting.
HP restored.
i - a scroll labelled OJUOSCH QETIU
Found a helmet.
m - a scroll labelled IFOLUFFUSH You see here a +0 helmet.
Found a hammer.
Found a runed translucent door.
Jessica the Apprentice Sorceress comes into view.
She is wielding a +0 club.
Jessica shouts!
You hit Jessica but do no damage.
Jessica points at you and mumbles some strange words.
Pain shoots through your body!
Ouch! That really hurt!
You closely miss Jessica. Jessica hits you with a +0 club.
You hit Jessica. Your headbutt misses Jessica.
Jessica is heavily wounded.
Jessica gestures at you while chanting. Pain shoots through your body!
* * * LOW HITPOINT WARNING * * *
Throw: 3 throwing nets
Press: ? - help, Shift-Dir - straight line, f - Jessica
Aim: Jessica, wielding a +0 club and wearing a +0 robe (heavily wounded, 62% to hit)
You throw a throwing net. The throwing net hits Jessica.
Jessica is caught in the net!
Jessica is heavily wounded.
Jessica mumbles some strange words.
Jessica blinks!
You see here a throwing net.
Jessica mumbles some strange words.
Jessica blinks!
You see here a throwing net.
d - 3 throwing nets (gained 1) Jessica casts a spell at you.
Pain shoots through your body!
You die...

###. #..###..........#
....###......#####.##########
. #..####.##..####.##.......#
.###............##.##.......#
......###.###.#.............#
......###.###..###.##.......#
...................##.......#
......####.@.......###...####
#.....# #......@..#.[.###
#.....# #...........###
#.....# ####..###..## ####.##
#...###..# #.# #.#...#..#
####.#######.#...#..#
.........)...###.#..###
####.######...........#
#.....#..####....#.#


You could see Jessica.

Vanquished Creatures
  A worm (D:2)
  A dart slug (D:1)
  7 endoplasms
  3 giant cockroaches
  8 goblins
  6 hobgoblins
  7 jackals (D:1)
  2 kobolds (D:1)
  6 ball pythons
  5 bats
  A frilled lizard (D:1)
  6 rats
53 creatures vanquished.

Vanquished Creatures (others)
  4 withered plants (D:1)
4 creatures vanquished.

Grand Total: 57 creatures vanquished

Notes
Turn   | Place    | Note
-------+----------+-------------------------------------------
     0 | D:1      | IdlyInterested the Demonspawn Gladiator began the quest for
                  | the Orb.
     0 | D:1      | Reached XP level 1. HP: 16/16 MP: 1/1
   329 | D:1      | Gained mutation: You have a somewhat thin skeletal
                  | structure. (Dex +2, Stealth+) [demonic ancestry]
   329 | D:1      | Reached XP level 2. HP: 13/22 MP: 2/2
   625 | D:1      | Found a faded altar of an unknown god.
   885 | D:1      | Reached skill level 1 in Stealth
  1294 | D:1      | Gained mutation: You have a pair of small horns on your
                  | head. [demonic ancestry]
  1294 | D:1      | Reached XP level 3. HP: 27/27 MP: 3/3
  2360 | D:2      | Found a runed translucent door.
  2361 | D:2      | Noticed Crazy Yiuf
  2390 | D:2      | Noticed Jessica
  2401 | D:2      | Killed from afar by Jessica

Illustrated notes

Levels and vault maps discovered:
D:1:      scummos_arrival_forest, layout_basic,
          shapermc_ecumenical_altar_flowoftime, chequers_serial_rivers_small_a
D:2:      layout_rooms, uniq_crazy_yiuf_cottage, uniq_jessica

Skill      XL: |  1  2 |
---------------+-------+-----
Short Blades   | 3 |  3.6
Stealth        | 1 |  1.5
Dodging        | 3 |  3.2
Fighting       | |  2.0
Throwing       | |  1.7

Action                   || total
-------------------------++-------
Melee: Rapier            ||   164
       Headbutt          ||    21
       Punch             ||     2
Throw: Throwing net      ||     1
  Use: Scroll            ||     2
 Stab: Sleeping          ||     7
       Distracted        ||     1
Armor: Leather armour    ||    42
Dodge: Dodged            ||    89

Table legend: (Time is in decaauts)
 A = Elapsed time spent in this place.
 B = Non-inter-level travel time spent in this place.
 C = Inter-level travel time spent in this place.
 D = Time resting spent in this place.
 E = Time spent auto-exploring this place.
 F = Levels seen in this place.
 G = Mean time per level.
                   A        B        C        D        E       F      G
               +--------+--------+--------+--------+--------+-----+--------+
         Total |   2411 |   2269 |    142 |    627 |   1144 |   2 | 1205.5 |
       Dungeon |   2411 |   2269 |    142 |    627 |   1144 |   2 | 1205.5 |
               +--------+--------+--------+--------+--------+-----+--------+

Top non-repeatable levels by time:
     D:1: 1873 daAuts
     D:2: 537 daAuts
